 Dungeon Crawl Stone Soup version 0.28-a0-312-gbced6e68ee (webtiles) character file.

Game seed: 2090977366807226257

63 Demosthentine the Poker (level 4, -2/35 HPs)
             Began as a Merfolk Gladiator on Aug 31, 2021.
             Was an Initiate of Zin.
             Slain by a wyvern skeleton (12 damage)
             ... on level 3 of the Dungeon.
             The game lasted 00:02:57 (1902 turns).

Demosthentine the Poker (Merfolk Gladiator)         Turns: 1902, Time: 00:02:58

Health: -2/35      AC:  4    Str: 15    XL:     4   Next: 9%
Magic:  4/4        EV: 13    Int:  7    God:    Zin [......]
Gold:   85         SH:  0    Dex: 15    Spells: 3/3 levels left

rFire   . . .      SeeInvis .   a - +0 trident
rCold   . . .      Faith    .   (no shield)
rNeg    . . .      Spirit   .   b - +0 leather armour
rPois   .          Reflect  .   c - +0 helmet
rElec   .          Harm     .   (no cloak)
rCorr   .          Rampage  .   (no gloves)
Will    .....                   (no boots)
Stlth   +.........              (no amulet)
HPRegen 0.11/turn               (no ring)
MPRegen 0.09/turn               (no ring)

@: no status effects
A: (nimble swimmer 2), mertail
a: Renounce Religion, Donate Gold


You were on level 3 of the Dungeon.
You worshipped Zin.
Zin was noncommittal.
You visited 1 branch of the dungeon, and saw 3 of its levels.

You collected 94 gold pieces.
You donated 9 gold pieces to Zin.

Inventory:

Hand Weapons
 a - a +0 trident (weapon)
Missiles
 d - 2 throwing nets (quivered)
Armour
 b - a +0 leather armour (worn)
 c - a +0 helmet (worn)
Scrolls
 h - a scroll of magic mapping {unknown}
 i - a scroll of noise {unknown}
 j - a scroll of immolation {unknown}
 k - a scroll of torment {unknown}
 m - a scroll of identify {unknown}
Potions
 e - a potion of curing {unknown}
 f - a potion of degeneration {unknown}
 g - 2 potions of lignification {unknown}
 l - a potion of attraction {unknown}


   Skills:
 + Level 3.0 Fighting
 + Level 5.1 Polearms
 - Level 2.0 Throwing
 + Level 1.1 Armour
 + Level 4.7 Dodging


You had 3 spell levels left.
You didn't know any spells.
Your spell library contained the following spells:

 Spells                   Type           Power      Damage    Failure   Level
 Alistair's Intoxication  Tmut/Pois      0%         N/A       100%        5
 Borgnjor's Vile Clutch   Necr/Erth      0%         N/A       100%        5
 Summon Cactus Giant      Summ           0%         N/A       100%        5
 Summon Forest            Summ/Tloc      0%         N/A       100%        5
 Summon Mana Viper        Hex/Summ       0%         N/A       100%        5
 Eringya's Noxious Bog    Tmut/Pois      0%         N/A       100%        6


Dungeon Overview and Level Annotations

Branches:
Dungeon (3/15)

Altars:
Zin


Innate Abilities, Weirdness & Mutations

((You are quick and stealthy near water. (Stealth+, EV+, Speed+++)))
Your lower body shifts to a powerful aquatic tail in water.


Message History

The wyvern skeleton bites you!
A wyvern skeleton is nearby!
You barely miss the wyvern skeleton.
The wyvern skeleton is lightly damaged.
The wyvern skeleton bites you!
* * * LOW HITPOINT WARNING * * *
The wyvern skeleton completely misses you.
A wyvern skeleton is nearby!
You are too injured to fight recklessly!
You are too injured to fight recklessly!
A wyvern skeleton is nearby!
You are too injured to fight recklessly!
A wyvern skeleton is nearby!
You are too injured to fight recklessly!
A wyvern skeleton is nearby!
You are too injured to fight recklessly!
Throw: 3 throwing nets
Press: ? - help, Q - select action Shift-Dir - straight line, f - wyvern skeleton
Aim: a wyvern skeleton (lightly damaged, 86% to hit)
You can't see any item there.
You throw a throwing net.
The throwing net hits the wyvern skeleton.
The wyvern skeleton is caught in the net!
The wyvern skeleton is lightly damaged.
The wyvern skeleton struggles against the net.
You puncture the wyvern skeleton!
The wyvern skeleton is moderately damaged.
The wyvern skeleton struggles against the net.
You puncture the wyvern skeleton!
The wyvern skeleton is heavily damaged.
The wyvern skeleton struggles against the net.
You strike the helpless wyvern skeleton from behind!
You hit the wyvern skeleton.
The wyvern skeleton is severely damaged.
The wyvern skeleton struggles against the net. x2
The net rips apart, and the wyvern skeleton comes free!
You puncture the wyvern skeleton!
The wyvern skeleton is almost destroyed.
The wyvern skeleton bites you!
You die...

.......>...
#######.### #.# #.#
#.# ## #.# .#.###. #.#
......Z#############.#
#....@............>#
.....#†###############
### #. #. ##


You could see a wyvern skeleton.

Vanquished Creatures
  An adder (D:3)
  An adder skeleton (D:2)
  A worm (D:3)
  3 dart slugs
  2 ball pythons
  4 endoplasms
  2 giant cockroaches
  5 goblins
  5 hobgoblins
  2 kobolds
  3 quokkas
  4 bats
  A frilled lizard (D:1)
  3 rats (D:1)
37 creatures vanquished.

Notes
Turn   | Place    | Note
-------+----------+-------------------------------------------
     0 | D:1      | Demosthentine the Merfolk Gladiator began the quest for the
                  | Orb.
     0 | D:1      | Reached XP level 1. HP: 16/16 MP: 1/1
   455 | D:1      | Reached XP level 2. HP: 19/23 MP: 2/2
  1041 | D:2      | Reached XP level 3. HP: 28/28 MP: 3/3
  1198 | D:2      | Reached skill level 1 in Armour
  1292 | D:2      | Reached skill level 5 in Polearms
  1361 | D:2      | Found a faded altar of an unknown god.
  1450 | D:2      | Found a glowing silver altar of Zin.
  1604 | D:2      | Became a worshipper of Zin the Law-Giver
  1737 | D:3      | Reached XP level 4. HP: 34/34 MP: 4/4
  1902 | D:3      | Slain by a wyvern skeleton

Illustrated notes

Levels and vault maps discovered:
D:1:      ncdulo_lavacross, layout_basic, serial_forest,
          infiniplex_forest_end_3, infiniplex_forest_clump_diagonal,
          infiniplex_forest_corner_1, infiniplex_forest_clump_diagonal,
          minmay_misc_feat_ornament, minivault_14
D:2:      layout_rooms, basic_altar, basic_ecumenical_altar
D:3:      layout_basic, okawaru_altar_gauntlet_db

Skill      XL: |  1  2  3  4 |
---------------+-------------+-----
Armour         | 1 |  1.1
Polearms       | 5 |  5.1
Fighting       | 3 |  3.0
Throwing       | |  2.0
Dodging        | |  4.7

Action                   |  1- 3 |  4- 6 || total
-------------------------+-------+-------++-------
Melee: Trident           |    83 |    17 ||   100
Throw: Throwing net      |       |     1 ||     1
  Use: Scroll            |     1 |       ||     1
 Stab: Sleeping          |     1 |       ||     1
       Held in net/web   |       |     1 ||     1
Armor: Leather armour    |    13 |     2 ||    15
Dodge: Dodged            |    28 |     8 ||    36

Table legend: (Time is in decaauts)
 A = Elapsed time spent in this place.
 B = Non-inter-level travel time spent in this place.
 C = Inter-level travel time spent in this place.
 D = Time resting spent in this place.
 E = Time spent auto-exploring this place.
 F = Levels seen in this place.
 G = Mean time per level.
                   A        B        C        D        E       F      G
               +--------+--------+--------+--------+--------+-----+--------+
         Total |   1902 |   1801 |    101 |      0 |   1555 |   3 |  634.0 |
       Dungeon |   1902 |   1801 |    101 |      0 |   1555 |   3 |  634.0 |
               +--------+--------+--------+--------+--------+-----+--------+

Top non-repeatable levels by time:
     D:1: 954 daAuts
     D:2: 672 daAuts
     D:3: 275 daAuts
